[Event "*** Titled Tuesday Blitz"]
[Site "Chess.com"]
[Date "2019.08.06"]
[Round "3"]
[White "swayamsm"]
[Black "eljanov"]
[Result "0-1"]
[WhiteElo "2497"]
[BlackElo "2797"]
[TimeControl "180+2"]
[EndTime "13:36:13 PDT"]
[Termination "eljanov won by resignation"]

1. d4 Nf6 2. Nf3 e6 3. Bf4 b6 4. e3 Bb7 5. Nbd2 g6 6. Bd3 Bg7 7. a4 a6 8. h3 O-O 9. a5 b5 10. c4 bxc4 11. Nxc4 Nc6 12. O-O d6 13. Bh2 Qd7 14.
Qd2 Rab8 15. Rfc1 Ba8 16. Ng5 h6 17. Ne4 Nxe4 18. Bxe4 Nxd4 19. Bxa8 Nb3 20. Qd1 Nxc1 21. Rxc1 Rxa8 22. b4 Rab8 23. Ne5 Bxe5 24. Bxe5 Rxb4 25. Bf6 Qb5 26. Qd2 Rb1 27. e4 Rxc1+ 28. Qxc1 Kh7 29. Qxc7 Qb1+ 30. Kh2 Qxe4 31. Qxd6 Rc8 32. Ba1 g5 33.
Bd4 Qf4+ 34. Qxf4 gxf4 35. h4 Kg6 36. Kh3 Kf5 37. f3 h5 38. Bb6 e5 39. Kh2 e4 40.
fxe4+ Kxe4 41. Kg1 f3 42. gxf3+ Kxf3 43. Kh2 f5 44.
Kg1 f4 45. Kh2 Ke2 46. Kh3 Rg8 0-1

[Event "*** Titled Tuesday Blitz"]
[Site "Chess.com"]
[Date "2019.08.06"]
[Round "3"]
[White "Winehouse83"]
[Black "Korchmar_Vasiliy"]
[Result "0-1"]
[WhiteElo "2608"]
[BlackElo "2657"]
[TimeControl "180+2"]
[EndTime "13:36:13 PDT"]
[Termination "Korchmar_Vasiliy won by checkmate"]

1. d4 Nf6 2. c4 g6 3. Nc3 d5 4. Nf3 Bg7 5. Bf4 O-O 6. Rc1 c5 7. dxc5 Ne4 8. cxd5 Nxc3 9. bxc3 Qa5 10. Be5 Bxe5 11.
Nxe5 Na6 12. e4 Nxc5 13. Qd4 Qa3 14. Rc2 Nxe4 15. Qxe4 Bf5 16. Qe2 Bxc2 17. Qxc2 Rac8 18. c4 Qb4+ 19. Kd1 b5 20. Nc6 Qd6 21. cxb5 Qxd5+ 22.
Bd3 Qxg2 23. Be4 Qg4+ 24. f3 Qg5 25. h4 Rfd8+ 26. Nxd8 Rxd8+ 27. Ke1 Qe3+ 28. Qe2 Qc1+ 29. Kf2 Qxh1 30. f4 Qxh4+ 31. Ke3 Qg3+ 32. Bf3 Qg1+ 33.
Ke4 Qd4# 0-1

[Event "*** Titled Tuesday Blitz"]
[Site "Chess.com"]
[Date "2019.08.06"]
[Round "3"]
[White "valeriocarnicelli"]
[Black "Muracle"]
[Result "0-1"]
[WhiteElo "2414"]
[BlackElo "2637"]
[TimeControl "180+2"]
[EndTime "13:36:16 PDT"]
[Termination "Muracle won by resignation"]

1. e4 c5 2. Nf3 Nc6 3. d4 cxd4 4. Nxd4 e5 5. Nb5 d6 6. N1c3 a6 7. Na3 b5 8. Nd5 Be7 9. c3 Nf6 10. Be3 O-O 11. Bd3 Ng4 12. Bb6 Qd7 13. h3 Nf6 14. Nc2 Bd8 15. Bxd8 Nxd5 16. exd5 Nxd8 17. O-O f5 18. a4 Rb8 19. axb5 axb5 20. Nb4 e4 21.
Be2 f4 22. Bg4 Qf7 23. Bxc8 Rxc8 24. f3 e3 25. Qd3 Nb7 26. Qxb5 Nc5 27. Qe2 Ra8 28. c4 Nb3 29. Rxa8 Rxa8 30. Nc6 Qb7 31. Rd1 Qb6 32. Kh2 Ra2 33. Qc2 Qb7 34. Qe4 Ra8 35. Qxf4 Re8 36. Re1 e2 37. Qxd6 Qf7 38. Qg3 Nd2 39.
Ne5 Qf5 40. Kh1 Qxe5 41. Qxe5 Rxe5 42. d6 Kf7 43. Kg1 Nxc4 44. b3 Nb2 45. f4 Re4 0-1

[Event "*** Titled Tuesday Blitz"]
[Site "Chess.com"]
[Date "2019.08.06"]
[Round "3"]
[White "m3alam"]
[Black "BabyFacedAssasin"]
[Result "1-0"]
[WhiteElo "2311"]
[BlackElo "2167"]
[TimeControl "180+2"]
[EndTime "13:36:20 PDT"]
[Termination "m3alam won by checkmate"]

1. d4 Nf6 2. Nf3 g6 3. c4 Bg7 4. g3 c5 5. d5 O-O 6. Nc3 d6 7. Bg2 e5 8. O-O Ne8 9. e4 f5 10. Bg5 Nf6 11. exf5 gxf5 12. Qd2 Nbd7 13. Nh4 Nb6 14.
b3 Qe8 15. a4 Bd7 16. Nb5 Nc8 17. Nc7 Qd8 18. Nxa8 Ne7 19. b4 Qxa8 20. bxc5 dxc5 21. Bh6 Ng6 22. Bxg7 Kxg7 23. Qg5 Qc8 24. Rfe1 e4 25.
f3 Re8 26. Bh3 f4 27. Bxd7 Qxd7 28. Nf5+ Kf7 29. gxf4 exf3 30. Nh6+ Kg7 31. Rxe8 f2+ 32.
Kxf2 Nxe8 33. Re1 Nd6 34. h4 Qh3 35. Re7+ Kh8 36. Qf6# 1-0

[Event "*** Titled Tuesday Blitz"]
[Site "Chess.com"]
[Date "2019.08.06"]
[Round "3"]
[White "gemarin"]
[Black "Vadim_Biliy"]
[Result "1-0"]
[WhiteElo "2069"]
[BlackElo "2219"]
[TimeControl "180+2"]
[EndTime "13:36:20 PDT"]
[Termination "gemarin won by checkmate"]

1. d4 d5 2. c4 e6 3. Nc3 Nf6 4. Nf3 Be7 5. Bg5 O-O 6. e3 Ne4 7. Bxe7 Qxe7 8. Qb3 Nxc3 9. bxc3 c5 10. Be2 cxd4 11. cxd4 dxc4 12. Bxc4 Nc6 13. O-O Na5 14. Qa4 Nxc4 15. Qxc4 a6 16. Rfc1 b5 17. Qc7 Qa3 18.
Ne5 h6 19. Rc2 b4 20. Rb1 a5 21. Qc6 Ra6 22. Qb5 Ra8 23. Rb3 Ba6 24. Qc6 Rac8 25. Rxa3 Rxc6 26. Rxc6 bxa3 27. Rxa6 Rb8 28. g3 Rb2 29. Rxa5 Rxa2 30. Nc4 Ra1+ 31. Kg2 a2 32. Nd2 g5 33. Ne4 Kg7 34. Nc3 g4 35. Rxa2 Rc1 36. Ne4 f5 37. Nc5 Kf6 38. Ra6 Kf7 39. Nxe6 Rc2 40.
Nf4 Kg7 41. Rg6+ Kh7 42. Rf6 Ra2 43. Rxf5 Ra7 44. Re5 Rb7 45. d5 Rb2 46. d6 Rd2 47. Rd5 Rxd5 48. Nxd5 Kg7 49. Nc7 Kf7 50. e4 Kf8 51. e5 Kf7 52. e6+ Kf8 53. e7+ Kf7 54.
e8=Q+ Kf6 55. Qe7+ Kf5 56. Qe6+ Kg5 57. Nd5 h5 58. Qf6# 1-0

[Event "*** Titled Tuesday Blitz"]
[Site "Chess.com"]
[Date "2019.08.06"]
[Round "3"]
[White "Yaacovn"]
[Black "amatatanav"]
[Result "1-0"]
[WhiteElo "2826"]
[BlackElo "2503"]
[TimeControl "180+2"]
[EndTime "13:36:20 PDT"]
[Termination "Yaacovn won by resignation"]

1. d4 Nf6 2. Nf3 d5 3. Bf4 c5 4. c3 Nc6 5. e3 Bf5 6. Qb3 Qc8 7. Nbd2 h6 8. dxc5 g5 9. Be5 Nxe5 10. Nxe5 Bg7 11. Qa4+ Kf8 12. Nb3 Ne4 13. Nf3 Nxc5 14.
Nxc5 Qxc5 15. Nd4 Bg6 16. Qb3 e5 17. Nf3 Rd8 18. Be2 g4 19. Nh4 Be4 20. Bxg4 Bf6 21. Nf3 h5 22. Bh3 Bxf3 23. gxf3 d4 24. O-O-O dxc3 25.
Rxd8+ Bxd8 26. Qxc3 Qxc3+ 27. bxc3 Ba5 28. Kc2 Ke7 29. Rb1 Bb6 30. Rb5 Kd6 31. Rb1 Rd8 32. Bf5 Ke7 33. Be4 Rd7 34. a4 Rc7 35. Rb5 Ke6 36. a5 Rc5 37. Rxc5 Bxc5 38. Bxb7 f5 39. Bc8+ Kf6 40. Kd3 f4 41. Ke4 fxe3 42. fxe3 Bd6 43.
c4 Bc7 44. a6 Bb6 45. f4 exf4 46. exf4 Ke7 47. h3 Kd6 48. Bf5 h4 49. Bg6 Ke6 50.
Be8 Bg1 51. Bc6 Kd6 52. Bd5 Bh2 53. Kf5 Bg1 54. Kg5 Bf2 55. f5 Ke5 56. f6 Bb6 57. Kg6 Bd8 58. f7 Be7 59. Kg7 1-0

[Event "*** Titled Tuesday Blitz"]
[Site "Chess.com"]
[Date "2019.08.06"]
[Round "3"]
[White "djano"]
[Black "Aknok"]
[Result "0-1"]
[WhiteElo "2317"]
[BlackElo "2430"]
[TimeControl "180+2"]
[EndTime "13:36:20 PDT"]
[Termination "Aknok won by resignation"]

1. c4 g5 2. Nc3 Bg7 3. d4 c5 4.
dxc5 Bxc3+ 5. bxc3 h6 6. h4 g4 7. e4 Nc6 8. Qxg4 Nf6 9. Qe2 Qa5 10. Bd2 Qxc5 11. Nf3 d6 12. Qd3 Bg4 13. Be2 O-O-O 14. Rb1 Bxf3 15. Qxf3 Ne5 16. Qh3+ Kb8 17. Rb5 Qc6 18.
Rxe5 dxe5 19. f3 Qb6 20. Qf5 Qb1+ 21. Bd1 Qd3 22. Qxe5+ Ka8 23. Qf4 e5 24. Qe3 Qxc4 25. Be2 Qxa2 26. Bc1 Nh5 27. Kf2 Nf4 28. Re1 Nd3+ 29.
Kf1 Nxe1 30. Kxe1 Rd6 31. Qc5 Rhd8 32. Be3 Qa1+ 33. Kf2 Rc6 34. Qxe5 Qxc3 35. Qe7 Rdc8 36. Qxf7 a5 37. Qd5 a4 38. Bd4 Qb4 39. Bb5 Rd6 40. Qf5 Qxd4+ 41. Kg3 Rg8+ 42. Kh2 Qd2 43. Bf1 Rdg6 44. Qa5+ Qxa5 0-1

[Event "*** Titled Tuesday Blitz"]
[Site "Chess.com"]
[Date "2019.08.06"]
[Round "3"]
[White "BlackBoarder"]
[Black "Dhaydon19"]
[Result "1-0"]
[WhiteElo "2664"]
[BlackElo "2600"]
[TimeControl "180+2"]
[EndTime "13:36:21 PDT"]
[Termination "BlackBoarder won by resignation"]

1. e4 c6 2. Nf3 d5 3. Nc3 Bg4 4. h3 Bh5 5. d4 e6 6. Bd3 Nf6 7.
O-O Be7 8. Be3 dxe4 9. Nxe4 Bg6 10. Nxf6+ Bxf6 11. Bxg6 hxg6 12. c4 Nd7 13. Qb3 Qc7 14. Rac1 O-O 15. Rfd1 Rfd8 16. Qa3 Nb6 17. Qa5 Rd7 18.
d5 exd5 19. cxd5 Rxd5 20. Rxd5 Nxd5 21. Qxd5 Bxb2 22. Rc2 Rd8 23. Bf4 Qe7 24. Qb3 Bf6 25. Qe3 Qd7 26. Re2 b6 27. Kh2 c5 28. Be5 Re8 29. Qf4 Bd8 30. Re3 f6 31. Bc3 Bc7 32.
Rxe8+ Kf7 33. Re5 Kg8 34. g3 fxe5 35. Bxe5 Bd8 36. Qe4 Kf7 37. h4 Qe6 38. Ng5+ Bxg5 39. hxg5 c4 40. Qb7+ Ke8 41. Qb8+ Kd7 42. Qc7+ Ke8 43.
Qb8+ Kd7 44. Qxa7+ Kc6 45. Qc7+ Kd5 46. Bxg7 Qf5 47.
Qf4 Qd3 48. Qe5+ Kc6 49. Qd4 Qe2 50. Be5 Kb5 51. Qb2+ Qxb2 52. Bxb2 Kb4 53. f4 c3 54. Bxc3+ Kxc3 55. f5 gxf5 56. g6 f4 57. gxf4 1-0

[Event "*** Titled Tuesday Blitz"]
[Site "Chess.com"]
[Date "2019.08.06"]
[Round "3"]
[White "Fy_Rakotomaharo"]
[Black "SmoothAsAHedgehog"]
[Result "0-1"]
[WhiteElo "2630"]
[BlackElo "2629"]
[TimeControl "180+2"]
[EndTime "13:36:21 PDT"]
[Termination "SmoothAsAHedgehog won on time"]

1. e4 e5 2. Nf3 Nc6 3. Nc3 Nf6 4. Bb5 Bb4 5. O-O O-O 6. d3 Bxc3 7. bxc3 d6 8. Re1 Ne7 9. d4 Ng6 10. a4 c6 11. Bd3 h6 12. a5 Re8 13. h3 Nh7 14. Be3 Qf6 15. Qd2 Bxh3 16. a6 b6 17. Nh2 Be6 18.
Nf1 Ng5 19. Ng3 Nf4 20. Bxf4 Qxf4 21. Qxf4 exf4 22. Nh5 f3 23. Nf4 fxg2 24. Kxg2 Bg4 25. Re3 Ne6 26. Kg3 Nxf4 27. Kxg4 g5 28. Kf5 Kg7 29. Rg1 f6 30. Rf3 Ng6 31. Rh3 Rh8 32. Rgh1 Rae8 33. Kg4 Nf4 34. R3h2 h5+ 35. Kf5 Re7 36.
Rg1 Rhe8 0-1

[Event "*** Titled Tuesday Blitz"]
[Site "Chess.com"]
[Date "2019.08.06"]
[Round "3"]
[White "doons21"]
[Black "ChadBiryani"]
[Result "0-1"]
[WhiteElo "2598"]
[BlackElo "2385"]
[TimeControl "180+2"]
[EndTime "13:36:22 PDT"]
[Termination "ChadBiryani won by resignation"]

1. e4 c5 2. c3 d6 3. d4 cxd4 4. cxd4 g6 5. Nc3 Bg7 6. Nf3 Nf6 7. h3 O-O 8. Be3 a6 9. a4 Nc6 10. Be2 Bd7 11. O-O Rc8 12. d5 Na5 13. Nd2 Ne8 14. Rc1 f5 15. Nf3 Nc4 16. Bd4 Ne5 17. Nxe5 dxe5 18.
Be3 f4 19. Bd2 Nd6 20. b3 Qb6 21. Bg4 Bxg4 22. Qxg4 Qxb3 23. Qe6+ Rf7 24. Rb1 Qc2 25. Rfd1 b5 26. axb5 axb5 27. f3 Bf6 28. Nxb5 Nxb5 29.
Rbc1 Qa4 30. Rxc8+ Kg7 31. Rdc1 Nd4 32. Kh2 Nxe6 33.
dxe6 Rf8 34. Rxf8 Kxf8 35. g3 Qa2 36. Rd1 Qc2 0-1

[Event "*** Titled Tuesday Blitz"]
[Site "Chess.com"]
[Date "2019.08.06"]
[Round "3"]
[White "cancrushyou"]
[Black "CookiesAndIceCream"]
[Result "1-0"]
[WhiteElo "2499"]
[BlackElo "2345"]
[TimeControl "180+2"]
[EndTime "13:36:22 PDT"]
[Termination "cancrushyou won by resignation"]

1. Nf3 d5 2. g3 c6 3. Bg2 Bg4 4.
O-O Nf6 5. d4 Nbd7 6. c4 e6 7.
b3 Bd6 8. Bb2 O-O 9. Ne5 Bf5 10.
Nd2 a5 11. a3 c5 12. Nxd7 Qxd7 13. cxd5 exd5 14. dxc5 Bxc5 15. Bxf6 gxf6 16. e4 dxe4 17.
Nxe4 Qxd1 18. Rfxd1 Bxe4 19. Bxe4 Rad8 20. Bxb7 Rxd1+ 21.
Rxd1 Bxa3 22. Rd5 Bb4 23. Rd7 Re8 24. Bd5 Re7 25. Rd8+ Kg7 26. Bc4 Bc5 27. Kg2 Bb4 28. Kf3 Re5 29. h4 Bc5 30. Rd7 Re7 31. Rd5 Re5 32.
Rd8 Rf5+ 33. Kg4 Rxf2 34. Rd7 f5+ 35. Kh5 Rf3 36. Rxf7+ Kh8 37. Rc7 Be3 38. Rc8+ Kg7 39. Bd5 Rxg3 40. Rg8+ Kf6 41. Rxg3 1-0

[Event "*** Titled Tuesday Blitz"]
[Site "Chess.com"]
[Date "2019.08.06"]
[Round "3"]
[White "Roachelley"]
[Black "Mostii"]
[Result "1/2-1/2"]
[WhiteElo "2256"]
[BlackElo "2367"]
[TimeControl "180+2"]
[EndTime "13:36:24 PDT"]
[Termination "Game drawn by repetition"]

1. d4 e6 2. c4 b6 3. Nc3 Bb7 4. a3 Nf6 5. Qc2 d5 6. cxd5 Nxd5 7. e4 Nxc3 8. bxc3 Nd7 9. Nf3 c5 10. Bg5 Be7 11. Bxe7 Qxe7 12. Bd3 cxd4 13. Nxd4 O-O 14. O-O Nc5 15. Rae1 Rac8 16. e5 Nxd3 17. Qxd3 Qxa3 18. Nb5 Ba6 19. Ra1 Bxb5 20. Qxb5 Qxc3 21. Rxa7 Rc5 22. Qxb6 Qxe5 23. h3 g6 24. Rd1 Kg7 25. Qb7 Qf6 26.
Qe4 Rb8 27. Rdd7 Rf8 28. Qe3 Re5 29. Qd2 Rf5 30. Qe3 h5 31. Re7 Re5 32. Qd2 Rd5 33. Qe2 e5 34. Qe4 Rd1+ 35. Kh2 Qxf2 36. Qxe5+ Qf6 37.
Qxf6+ Kxf6 38. Re3 Rd5 39. Rf3+ Kg7 40. Rb7 Re5 41.
Rc7 g5 42. Rd7 Kg6 43. Rd6+ f6 44. Kg3 Re4 45. Rc6 Ra4 46. Rb6 Ra7 47. Rc6 Raf7 48. Rb6 Ra8 49. Rc6 Ra5 50. Rb6 Rc5 51. Rd6 Re5 52. Rc6 Re4 53. Rb6 Rf8 54. Rc6 Rf7 55.
Rb6 Kg7 56. Rf5 Kg6 57. Rf3 1/2-1/2

[Event "*** Titled Tuesday Blitz"]
[Site "Chess.com"]
[Date "2019.08.06"]
[Round "3"]
[White "hamelekh"]
[Black "edgarrodrigues"]
[Result "1-0"]
[WhiteElo "2640"]
[BlackElo "2428"]
[TimeControl "180+2"]
[EndTime "13:36:24 PDT"]
[Termination "hamelekh won by resignation"]

1. d4 Nf6 2. Nc3 d5 3. Bf4 e6 4. Nb5 Na6 5. e3 Be7 6. c4 O-O 7. Nf3 Ne4 8. Bd3 Bb4+ 9. Ke2 b6 10. a3 Be7 11. cxd5 exd5 12. Qc2 c5 13. Nc3 Nxc3+ 14. Qxc3 Bb7 15. Rhd1 Qd7 16. Qc2 g6 17. Ne5 Qe6 18. Qa4 c4 19. Bb1 f6 20. Nf3 Nb8 21. Kf1 Nd7 22. Qc2 Rac8 23. Qe2 Rfe8 24. Bc2 Bf8 25. Nd2 b5 26. b3 Nb6 27. Nb1 cxb3 28. Bxb3 Nc4 29.
a4 Bc6 30. Kg1 bxa4 31. Bxa4 a6 32. Bxc6 Rxc6 33. Nd2 g5 34. Bg3 Rec8 35. Nxc4 Rxc4 36. Qa2 Qf5 37. Qxa6 h5 38. h3 h4 39. Bh2 Rc2 40. Rf1 Bb4 41. Qb7 Be1 42. Ra7 Bxf2+ 43. Kh1 Qg6 44.
Rxf2 Rc1+ 45. Bg1 1-0

[Event "*** Titled Tuesday Blitz"]
[Site "Chess.com"]
[Date "2019.08.06"]
[Round "3"]
[White "JMatias"]
[Black "Bathory44"]
[Result "0-1"]
[WhiteElo "2455"]
[BlackElo "2582"]
[TimeControl "180+2"]
[EndTime "13:36:26 PDT"]
[Termination "Bathory44 won by checkmate"]

1. c4 b6 2. Nc3 Bb7 3. e4 e5 4. Nge2 Nc6 5. g3 h5 6. h3 h4 7.
g4 Bc5 8. Bg2 Nge7 9. O-O Ng6 10.
d3 Nd4 11. a3 a5 12. Rb1 Qf6 13. b4 axb4 14. axb4 Bd6 15. Nxd4 exd4 16. Nb5 Bf4 17. Bxf4 Qxf4 18. Qc1 O-O 19. Nxd4 Ra2 20. Nf5 Rfa8 21. Qc3 Ne5 22. Rb2 R8a3 23. Qc2 Rxb2 24. Qxb2 Rxd3 25.
Re1 Nf3+ 26. Bxf3 f6 27. Bg2 Rd2 28. Qxd2 Qxd2 29. Ra1 Qxb4 30. Ra7 Bc6 31. Rxc7 Qxc4 32. Nxh4 Qc1+ 33. Bf1 Qf4 34. Rc8+ Kh7 35. Nf5 Qxe4 36. Ng3 Qf3 37. Re8 b5 38. Re3 Qd5 39. Bd3+ g6 40.
h4 Qg2# 0-1

[Event "*** Titled Tuesday Blitz"]
[Site "Chess.com"]
[Date "2019.08.06"]
[Round "3"]
[White "ElHelvetico"]
[Black "kesarev"]
[Result "1/2-1/2"]
[WhiteElo "2691"]
[BlackElo "2487"]
[TimeControl "180+2"]
[EndTime "13:36:26 PDT"]
[Termination "Game drawn by repetition"]

1. d4 g6 2. e4 Bg7 3. Nc3 c5 4. dxc5 Bxc3+ 5. bxc3 Qa5 6. Bd2 Qxc5 7. Nf3 d6 8. Bd3 Nf6 9. O-O O-O 10. Rb1 b6 11.
Re1 Bg4 12. h3 Bxf3 13. Qxf3 Nbd7 14. Rb5 Qc6 15. Qe2 e5 16. a4 Rac8 17. Qf3 Kg7 18. a5 a6 19. Rbb1 b5 20. Qg3 Qc7 21. Qh4 Qxa5 22.
Qh6+ Kg8 23. c4 Qc7 24. cxb5 axb5 25. Rxb5 Nc5 26. Bg5 Nh5 27. Be2 Ng7 28. Bf6 Ne8 29. Bh4 Nxe4 30. Bg4 f5 31. Rxe4 fxe4 32. Be6+ Rf7 33.
Rb4 Qxc2 34. Bxf7+ Kxf7 35. Qxh7+ Ng7 36. Rb7+ Rc7 37.
Rb8 Rc8 38. Rb7+ Rc7 39. Rb8 Rc8 40. Rb7+ 1/2-1/2

[Event "*** Titled Tuesday Blitz"]
[Site "Chess.com"]
[Date "2019.08.06"]
[Round "3"]
[White "BoboHead"]
[Black "esteban062000"]
[Result "1-0"]
[WhiteElo "2153"]
[BlackElo "2137"]
[TimeControl "180+2"]
[EndTime "13:36:26 PDT"]
[Termination "BoboHead won by resignation"]

1. e4 c5 2. Nf3 g6 3. c3 Bg7 4. d4 cxd4 5. cxd4 d5 6. e5 Bg4 7.
Nc3 e6 8. Be2 Ne7 9. Be3 O-O 10.
h3 Bxf3 11. Bxf3 Nbc6 12. Qd2 Nf5 13. O-O f6 14. exf6 Bxf6 15. Ne2 Na5 16. b3 Rc8 17. Nf4 Re8 18. Bg4 Nc6 19. Bxf5 exf5 20. Rac1 Re4 21.
Rc5 Ne7 22. f3 Rxc5 23. dxc5 Rxe3 24. Qxe3 Nc6 25. Qe6+ Kg7 26. Nxd5 Bd4+ 27. Kh1 Bxc5 28. Re1 Qd6 29. Qxd6 Bxd6 30. Re6 Bf8 31. Re8 Kf7 32. Ra8 h6 33. a4 b6 34. b4 Ke6 35. b5 Nd4 36.
Nf4+ Kf7 37. Rxa7+ Be7 38. Nd5 Ke6 39. Nxe7 Nb3 40.
Nc6 Nc5 41. a5 bxa5 42. b6 a4 43. b7 Nxb7 44. Rxb7 a3 45. Ra7 1-0

[Event "*** Titled Tuesday Blitz"]
[Site "Chess.com"]
[Date "2019.08.06"]
[Round "3"]
[White "HansCoolNiemann"]
[Black "Polish_fighter3000"]
[Result "1/2-1/2"]
[WhiteElo "2705"]
[BlackElo "2971"]
[TimeControl "180+2"]
[EndTime "13:36:30 PDT"]
[Termination "Game drawn by repetition"]

1. d4 Nf6 2. c4 d6 3. Nf3 Nbd7 4. Nc3 e5 5. e4 Be7 6. g3 exd4 7. Nxd4 Ne5 8. f4 Nc6 9. Nxc6 bxc6 10. Bg2 O-O 11.
O-O Rb8 12. b3 Nd7 13. Bb2 Bf6 14. Qd2 c5 15. Rad1 Bd4+ 16. Kh1 Bb7 17. Nb5 Bxb2 18.
Qxb2 Re8 19. Rfe1 a6 20. Nc3 Qc8 21. Qd2 Nf6 22. h3 h6 23. g4 Bc6 24. Re3 Qb7 25. Rde1 Nd7 26. h4 Re7 27. g5 h5 28. Nd5 Bxd5 29.
exd5 Rxe3 30. Rxe3 Nf8 31. f5 Nd7 32. Qe2 Qb4 33.
Qxh5 Qd2 34. Re7 Ne5 35. g6 Qe1+ 36. Kh2 Ng4+ 37. Kh3 Nf2+ 38. Kh2 Ng4+ 39. Kh3 Nf2+ 40.
Kh2 Ng4+ 1/2-1/2

[Event "*** Titled Tuesday Blitz"]
[Site "Chess.com"]
[Date "2019.08.06"]
[Round "3"]
[White "Gareth-Bale11"]
[Black "Genghis_K"]
[Result "1-0"]
[WhiteElo "2745"]
[BlackElo "2874"]
[TimeControl "180+2"]
[EndTime "13:36:31 PDT"]
[Termination "Gareth-Bale11 won by checkmate"]

1. d4 Nf6 2. c4 g6 3. Nc3 Bg7 4. e4 d6 5. Be2 O-O 6. Be3 c6 7. Qd2 e5 8. d5 cxd5 9. cxd5 Na6 10. f3 Bd7 11. g4 h5 12. g5 Nh7 13. h4 f6 14. Nh3 Rc8 15. gxf6 Bxf6 16. O-O-O b5 17.
Rdg1 b4 18. Bxa6 bxc3 19. bxc3 Qa5 20. Bxc8 Rxc8 21. Kb2 Kf7 22. Ng5+ Nxg5 23. Bxg5 Bg7 24. Rc1 Bb5 25. Ka1 Bc4 26. Rhg1 Bf8 27. Qg2 Qa6 28. Rc2 Bb3 29. Bd8 Ke8 30. Bf6 Kd7 31. Qxg6 Kc7 32. Qf7+ Kb6 33. Rb2 Rxc3 34. Rgb1 Kc5 35. Rxb3 Rc4 36.
Bg5 Ra4 37. Be3+ Kc4 38. Qc7+ Qc6 39. Qxc6# 1-0

[Event "*** Titled Tuesday Blitz"]
[Site "Chess.com"]
[Date "2019.08.06"]
[Round "3"]
[White "fidezivkovic"]
[Black "Nathan_Filgueiras"]
[Result "1-0"]
[WhiteElo "2277"]
[BlackElo "2205"]
[TimeControl "180+2"]
[EndTime "13:36:32 PDT"]
[Termination "fidezivkovic won by resignation"]

1. e4 c5 2. Nc3 Nc6 3. f4 d6 4. Nf3 g6 5. Bb5 Bd7 6. O-O Bg7 7. d3 e6 8. Bxc6 Bxc6 9. Qe1 Ne7 10. Qh4 O-O 11. Bd2 Bd7 12. f5 exf5 13. Bh6 Nc6 14.
Ng5 f6 15. Bxg7 fxg5 16. Qh6 Rf7 17. exf5 Rxg7 18. f6 Rf7 19. Qxg5 Nd4 20. Nd5 Kh8 21.
Ne7 Nf5 22. Rae1 Qf8 23. g4 Nh6 24. h3 Ng8 25. Qh4 Nxf6 26. Nxg6+ Kg7 27. Nxf8 Raxf8 28. g5 Ng8 29. Rxf7+ Rxf7 30. Qg3 Rf5 31. h4 d5 32. Qd6 Bc6 33. Qxc5 Rf4 34. Qd6 Rxh4 35. Kf2 Rg4 36. Qe5+ Kg6 37. Rg1 Bd7 38. Qxd5 Rxg1 39. Kxg1 Bf5 40. Qxg8+ 1-0

[Event "*** Titled Tuesday Blitz"]
[Site "Chess.com"]
[Date "2019.08.06"]
[Round "3"]
[White "Zubrrr"]
[Black "bugsbunny444"]
[Result "1-0"]
[WhiteElo "2724"]
[BlackElo "2493"]
[TimeControl "180+2"]
[EndTime "13:36:34 PDT"]
[Termination "Zubrrr won on time"]

1. c4 b6 2. Nc3 Bb7 3. e4 e6 4.
Nge2 Nf6 5. e5 Ng8 6. d4 d6 7.
Be3 dxe5 8. dxe5 Nd7 9. f4 Bc5 10. Qd2 Nh6 11. Nd4 Ng4 12. Bg1 O-O 13. O-O-O Qe7 14. h3 Nh6 15. Rh2 Rad8 16. g4 Nxe5 17.
fxe5 Bxd4 18. Bxd4 c5 19. Nb5 cxd4 20. Nd6 Bf3 21. Be2 Bxe2 22. Rxe2 Qh4 23. Qd3 f5 24. Qxd4 Qxh3 25. gxf5 Nxf5 26. Qd2 Qg3 27. Nxf5 exf5 28. Qxd8 Rxd8 29. Rxd8+ Kf7 30. e6+ Ke7 31. Rd7+ Ke8 32.
Rxa7 Qg1+ 33. Kc2 Qd4 34. Rc7 f4 35. e7 1-0

[Event "*** Titled Tuesday Blitz"]
[Site "Chess.com"]
[Date "2019.08.06"]
[Round "3"]
[White "CMS13"]
[Black "ahkashefi2800"]
[Result "0-1"]
[WhiteElo "1975"]
[BlackElo "2079"]
[TimeControl "180+2"]
[EndTime "13:36:34 PDT"]
[Termination "ahkashefi2800 won by resignation"]

1. e4 c6 2. Nc3 d5 3. Nf3 Nf6 4. e5 Ne4 5. d3 Nxc3 6. bxc3 Bg4 7. Be2 e6 8. O-O Nd7 9. d4 b5 10. h3 Bh5 11. Ng5 Bg6 12. Bh5 Be7 13. f4 Qa5 14.
f5 exf5 15. e6 fxe6 16. Nxe6 Nf6 17. Nxg7+ Kf7 18. Bh6 Rhg8 19. Bxg6+ hxg6 20. Qe2 Ne4 21. Nxf5 gxf5 22. Qh5+ Rg6 23. Rxf5+ Bf6 24. Raf1 Qxc3 25.
Rxd5 Qg3 26. Rd7+ Kg8 27. Qf3 Bxd4+ 28. Kh1 Qxf3 29. Rxf3 c5 30. Rdf7 Rxh6 31. R7f4 Nf2+ 32. Kh2 Re8 33. Rg3+ Kh8 34. Rf7 Be5 35. Rxf2 Rg8 36.
Rf3 Rhg6 37. Kg1 Bxg3 38. Rf7 Re6 39. Rf1 Re1 40. Rxe1 Bxe1 41. h4 Bg3 42. c4 Re8 0-1

[Event "*** Titled Tuesday Blitz"]
[Site "Chess.com"]
[Date "2019.08.06"]
[Round "3"]
[White "biostatistician"]
[Black "Chess_Boxer123"]
[Result "1/2-1/2"]
[WhiteElo "2555"]
[BlackElo "2410"]
[TimeControl "180+2"]
[EndTime "13:36:35 PDT"]
[Termination "Game drawn by repetition"]

1. d4 Nf6 2. Nf3 g6 3. c4 Bg7 4. Nc3 O-O 5. e4 d6 6. Be2 e5 7. dxe5 dxe5 8. Qxd8 Rxd8 9. Bg5 Re8 10. Nd5 Nxd5 11. cxd5 c6 12. Bc4 cxd5 13. Bxd5 Nd7 14. Nd2 Nb6 15. Bb3 Be6 16. Ke2 Rac8 17. Rhc1 Bxb3 18.
axb3 Rxc1 19. Rxc1 Rc8 20. Nc4 Nxc4 21. Rxc4 Rxc4 22.
bxc4 f6 23. Be3 a6 24. Kd3 Bf8 25. c5 Kf7 26. Kc4 Ke6 27. g4 h5 28. f3 h4 29.
h3 g5 30. Bd2 Be7 31. Ba5 Bf8 32. Bd8 Bg7 33. Bb6 Bf8 34. Ba5 Be7 35. Bc7 Kd7 36. Bb6 Kc6 37. b3 Bxc5 38. Bd8 Be3 39. Bxf6 b5+ 40.
Kd3 Bf4 41. Be7 Bc1 42. Kc3 Be3 43. Bf6 Kd6 44. Kb4 Bd2+ 45. Ka3 Bf4 46. Kb2 b4 47. Kc2 Kc6 48. Kd3 Kb5 49. Kc2 a5 50.
Be7 Be3 51. Bd6 Bd4 52. Be7 Be3 53. Bd6 Bd4 54. Be7 Be3 1/2-1/2

[Event "*** Titled Tuesday Blitz"]
[Site "Chess.com"]
[Date "2019.08.06"]
[Round "3"]
[White "2nd_life"]
[Black "Kimster98"]
[Result "0-1"]
[WhiteElo "2431"]
[BlackElo "2604"]
[TimeControl "180+2"]
[EndTime "13:36:35 PDT"]
[Termination "Kimster98 won by resignation"]

1. e4 e5 2. f4 exf4 3. Nf3 Nf6 4. Nc3 d5 5. exd5 Nxd5 6. Nxd5 Qxd5 7. d4 Bd6 8. c4 Qe6+ 9. Kf2 c6 10. Bd3 O-O 11. Bxh7+ Kh8 12. c5 Bc7 13. Bc2 Qf6 14. Ne5 g6 15.
Re1 Bf5 16. Bxf5 Qxf5 17. Qg4 Qxg4 18. Nxg4 Nd7 19. g3 f5 20. Ne5 Bxe5 21. dxe5 Nxc5 22. Kf3 fxg3 23. hxg3 Kg7 24. Bg5 Ne4 25. Rxe4 fxe4+ 26. Kxe4 Rf5 27. Bf6+ Rxf6 28. exf6+ Kxf6 29. Rf1+ Ke6 30. Rh1 Rd8 31. Rh7 Rd7 32. Rxd7 Kxd7 33. Ke5 Ke7 34.
g4 c5 35. a4 b6 36. b3 a6 37. g5 b5 38. axb5 axb5 39. Kd5 c4 40. bxc4 bxc4 41. Kxc4 Ke6 42. Kd3 Kf5 43. Ke2 Kxg5 44. Kf1 Kh4 45. Kg2 Kg4 46. Kf2 Kh3 47. Kg1 Kg3 0-1

[Event "*** Titled Tuesday Blitz"]
[Site "Chess.com"]
[Date "2019.08.06"]
[Round "3"]
[White "Poghosyan_Suren"]
[Black "rekosheten"]
[Result "0-1"]
[WhiteElo "2473"]
[BlackElo "2375"]
[TimeControl "180+2"]
[EndTime "13:36:35 PDT"]
[Termination "rekosheten won by resignation"]

1. d4 Nf6 2. c4 e6 3. Nc3 Bb4 4. e3 O-O 5. Ne2 Re8 6. Ng3 d5 7.
a3 Bxc3+ 8. bxc3 c5 9. cxd5 exd5 10. Bd3 b6 11. O-O Ba6 12. Bxa6 Nxa6 13. a4 Ne4 14.
Nxe4 Rxe4 15. a5 b5 16. Qb3 Rb8 17. Ba3 b4 18. cxb4 cxd4 19. b5 dxe3 20. fxe3 Qe8 21. Rab1 Rxe3 22. Qxd5 Nc7 23. Qc5 Rxb5 24. Rxb5 Nxb5 25.
Bb4 Re5 26. Qf2 Re4 27. Be1 Re2 28. Qf5 Rxe1 29. Rxe1 Qxe1+ 30. Qf1 Qxf1+ 31. Kxf1 f5 32. Ke2 Kf7 33. Kd3 Ke6 34. Kc4 Nd6+ 35. Kc5 Nb7+ 36. Kb5 Nxa5 37. Kxa5 f4 38. Ka6 g5 39.
Kxa7 g4 40. Kb6 f3 0-1